 Dungeon Crawl Stone Soup version 0.32-a0-918-g0f22ef8d61 (webtiles) character file.

Game seed: 4130647173842119567

8662 bananaken the Protected (level 11, -12/64 HPs)
             Began as a Gargoyle Alchemist on Feb 23, 2021.
             Was a Priest of Vehumet.
             Mangled by a shadow (25 damage)
             ... on level 11 of the Dungeon on Apr 10, 2024.
             The game lasted 00:50:19 (10635 turns).

bananaken the Protected (Gargoyle Alchemist)       Turns: 10635, Time: 00:50:19

Health: -12/64     AC: 29    Str: 13    XL:     11   Next: 34%
Magic:  17/17      EV:  8    Int: 18    God:    Vehumet [***...]
Gold:   392        SH:  0    Dex: 10    Spells: 3/18 levels left

rFire   . . .        J - +2 morningstar (flame)
rCold   + . .        (no shield)
rNeg    + + .        t - +1 pearl dragon scales
rPois   ∞            y - +0 helmet
rElec   +            O - +0 cloak "Upimmoh" {rC+ Will+}
rCorr   .            B - +2 pair of gloves
SInv    .            (no boots)
Will    +....        p - amulet of magic regeneration Stlth
                     g - +4 ring of slaying
HPRegen 0.30/turn    (no ring)
MPRegen 0.55/turn

%: no passive effects
@: hasted, very quick
A: sickness immunity, AC +8, negative energy resistance 1, electricity
resistance, torment resistance 1, petrification resistance
a: Renounce Religion


You were on level 11 of the Dungeon.
You worshipped Vehumet.
Vehumet was most pleased with you.
You visited 2 branches of the dungeon, and saw 13 of its levels.
You also visited: Sewer.

You collected 392 gold pieces.

Inventory:

Hand Weapons
 n - a +0 sling
 J - a +2 morningstar of flaming (weapon)
Missiles
 f - 36 poisoned darts
 k - 202 stones
 q - 2 javelins
 u - 9 boomerangs
Armour
 t - +1 pearl dragon scales (worn)
 x - a +0 cloak
 y - a +0 helmet (worn)
 B - a +2 pair of gloves (worn)
 E - a +0 kite shield
 F - a +2 robe of fire resistance
 O - the +0 cloak "Upimmoh" (worn) {rC+ Will+}
   (You found it on level 9 of the Dungeon)

   rC+:       It protects you from cold.
   Will+:     It increases your willpower.
Jewellery
 g - a +4 ring of slaying (left hand)
 i - a ring of fire
 p - an amulet of magic regeneration (around neck)
 P - a ring of wizardry
Wands
 d - a wand of polymorph (12)
 h - a wand of removedness (12)
 r - a wand of iceblast (10)
 v - a wand of mindburst (9)
 M - a wand of flame (19)
Scrolls
 b - a scroll of poison {unknown}
 c - 6 scrolls of identify
 j - 3 scrolls of enchant weapon
 l - 2 scrolls of revelation
 o - a scroll of silence {unknown}
 C - a scroll of noise {unknown}
 D - 2 scrolls of amnesia {unknown}
 G - a scroll of enchant armour
 K - a scroll of teleportation
 L - a scroll of immolation
Potions
 a - a potion of haste
 e - a potion of brilliance
 m - 2 potions of might {unknown}
 s - a potion of magic
 w - a potion of ambrosia {unknown}
 z - 2 potions of curing {unknown}
 A - a potion of lignification {unknown}
 H - a potion of enlightenment {unknown}
 I - a potion of mutation {unknown}
 N - a potion of invisibility {unknown}


   Skills:
 - Level 6.1 Fighting
 - Level 4.6 Short Blades
 + Level 6.0 Maces & Flails
 + Level 8.8 Armour
 - Level 3.3 Dodging
 - Level 2.1 Stealth
 + Level 4.2 Spellcasting
 - Level 6.0 Conjurations
 + Level 3.5 Fire Magic
 - Level 2.5 Air Magic
 - Level 6.4 Alchemy
 - Level 0.6 Shapeshifting


You had 3 spell levels left.
You knew the following spells:

 Your Spells              Type           Power      Damage    Failure   Level
a - Sting                 Conj/Alch      100%       1d9       1%          1
b - Mercury Vapours       Alch/Air       38%        N/A       4%          2
c - Mephitic Cloud        Conj/Alch/Air  21%        N/A       7%          3
d - Ignite Poison         Fire/Alch      21%        N/A       22%         4
e - Magic Dart            Conj           100%       1d8       1%          1
f - Olgreb's Toxic Radia  Alch           26%        N/A       13%         4

Your spell library contained the following spells:

 Spells                   Type           Power      Damage    Failure   Level
 Searing Ray              Conj           50%        2d6       2%          2
 Call Canine Familiar     Summ           3%         N/A       91%         3
 Sigil of Binding         Hex            3%         N/A       91%         3
 Fireball                 Conj/Fire      10%        3d6       54%         5
 Dimensional Bullseye     Hex/Tloc       1%         N/A       100%        4
 Ignition                 Fire           8%         3d5       100%        8


Dungeon Overview and Level Annotations

Branches:
Dungeon (12/15)            Temple (1/1) D:5           Sewer (visited)
   Lair: D:8-11         Orc: D:9-12

Altars:
Ashenzari
Cheibriados
Dithmenos
Elyvilon
Fedhas
Gozag
Hepliaklqana
Kikubaaqudgha
Makhleb
Nemelex Xobeh
Okawaru
Qazlal
Ru
Sif Muna
Trog
Uskayaw
Vehumet
Wu Jian
Xom
Yredelemnul
Zin
The Shining One

Annotations:
D:10 Lodul


Innate Abilities, Weirdness & Mutations

You are immune to sickness and miasma.
Your stone body is resilient. (AC +8)
You are immune to poison.
You resist negative energy. (rN+)
You are resistant to electric shocks. (rElec)
You are resistant to unholy torment.
You are immune to petrification.


Message History

The ice beast is lightly wounded.
The ice beast barely misses you.
The kobold brigand hits the ice beast with a +0 whip of electrocution.
The kobold brigand hits itself but does no damage.
You sock the ice beast!
You melt the ice beast.
The ice beast is severely wounded.
The ice beast hits you but does no damage.
You closely miss the ice beast.
The ice beast is severely wounded.
The ice beast hits you but does no damage.
The kobold brigand barely misses something.
The ice beast hits you but does no damage.
The kobold brigand closely misses something.
You barely miss the ice beast.
The ice beast is severely wounded.
The ice beast hits you but does no damage.
The kobold brigand says, "Why is everything spinning?"
The kobold brigand hits the ice beast with a +0 whip of electrocution.
An ice beast comes into view.
You sock the ice beast!
You melt the ice beast.
You kill the ice beast!
Vehumet accepts your kill.
The kobold brigand barely misses itself.
The shadow strikes at you from the darkness!
* * * LOW HITPOINT WARNING * * *
Reactivating autopickup.
You hit the shadow. You burn the shadow.
The shadow is moderately damaged.
The kobold brigand completely misses the kobold.
The shadow barely misses you.
You puncture the shadow! You burn the shadow.
The shadow is almost destroyed.
The kobold brigand barely misses the shadow.
The shadow slips into darkness.
The shadow flickers and vanishes!
Deactivating autopickup; reactivate with Ctrl-A.
You feel yourself speed up.
The kobold brigand closely misses something.
The shadow strikes at you from the darkness!
You die...

.. ..#....
#<^.##........ ..
##.....
###..'........
#.#.#.....#
####........
...#h....!#
#######'#
../......# #.#
..#.....# #.#
.......#.# #.#
......Y#K#### ###.#
..#...KKK{@.######
#...#
...#####K##.††...##
#.### ..
#.#######..#####.#
. #.. ##.......#
##.# ######..### .#
##.... .# #.### .#
#.# .# #.#


You could see an ice beast, a kobold brigand (confused) and 4 kobolds.

Vanquished Creatures
  2 two-headed ogres (D:11)
  Pikel (D:6)
  Maggie (D:6)
  2 unseen horrors (D:11)
  2 trolls
  A polar bear (D:11)
  Prince Ribbit (D:6)
  Grinder (D:4)
  A shadow (D:10)
  A wyvern (D:8)
  2 wraiths
  3 vampire mosquitoes (D:11)
  Menkaure (D:7)
  Edmund (D:6)
  An acid dragon (D:10)
  A water moccasin (D:8)
  Duvessa (D:4)
  2 orc warriors
  A black bear (D:7)
  3 ice beasts
  3 ogres
  4 centaurs
  5 phantoms
  2 wolves (D:11)
  A lemure (D:6)
  4 bullfrogs
  Dowan (D:4)
  2 scorpions
  4 killer bees (D:9)
  11 wights
  2 howler monkeys
  2 hounds (D:7)
  A jelly (D:7)
  A centaur skeleton (D:7)
  7 orc priests
  A quasit (D:7)
  A bullfrog skeleton (D:3)
  7 orc wizards
  A removed worker ant (D:6)
  A hound zombie (D:7)
  6 gnolls
  A howler monkey skeleton (D:3)
  A river rat (D:4)
  7 adders
  A white imp (D:7)
  An endoplasm (D:1)
  An adder zombie (D:7)
  5 ribbon worms
  32 orcs
  4 removed leopard geckos
  2 ghosts
  7 giant cockroaches
  10 goblins
  10 hobgoblins
  23 jackals
  3 quokkas
  6 ball pythons
  8 bats
  5 frilled lizards
  17 kobolds
  15 rats
255 creatures vanquished.

Notes
Turn   | Place    | Note
-------+----------+-------------------------------------------
     0 | D:1      | bananaken the Gargoyle Venom Mage began the quest for the
                  | Orb.
     0 | D:1      | Reached XP level 1. HP: 10/10 MP: 3/3
   141 | D:1      | Reached XP level 2. HP: 10/15 MP: 0/5
   800 | D:1      | Reached XP level 3. HP: 20/20 MP: 6/6
  1146 | D:2      | Found a shimmering blue altar of Sif Muna.
  1241 | D:2      | Learned a level 2 spell: Mercury Vapours
  1349 | D:2      | Reached skill level 1 in Fighting
  1463 | D:2      | Found a burning altar of Makhleb.
  1465 | D:2      | Noticed a green death
  1523 | D:2      | Noticed a neqoxec
  1523 | D:2      | Noticed a neqoxec
  2108 | D:3      | Reached XP level 4. HP: 25/25 MP: 7/7
  2527 | D:3      | Reached skill level 1 in Short Blades
  2527 | D:3      | Reached XP level 5. HP: 30/30 MP: 8/8
  2797 | D:3      | Reached skill level 1 in Air Magic
  3127 | D:4      | Found a glowing drain.
  3131 | Sewer    | Entered a sewer
  3952 | D:4      | Noticed Grinder
  3954 | D:4      | Noticed a phantom
  4012 | D:4      | Paralysed by Grinder for 7 turns
  4042 | D:4      | Paralysed by Grinder for 4 turns
  4048 | D:4      | Killed Grinder
  4049 | D:4      | Reached XP level 6. HP: 36/36 MP: 9/9
  4064 | D:4      | Reached XP level 7. HP: 40/41 MP: 10/10
  4234 | D:5      | Entered Level 5 of the Dungeon
  4528 | D:4      | Noticed Duvessa
  4529 | D:4      | Noticed Dowan
  4564 | D:4      | Killed Duvessa
  5026 | D:4      | Killed Dowan
  5027 | D:4      | Reached skill level 5 in Alchemy
  5082 | D:5      | Learned a level 3 spell: Mephitic Cloud
  5086 | D:5      | Learned a level 4 spell: Ignite Poison
  5118 | D:5      | Reached XP level 8. HP: 43/48 MP: 11/11
  5190 | D:5      | Reached skill level 1 in Conjurations
  5314 | D:5      | Found a staircase to the Ecumenical Temple.
  5339 | Temple   | Entered the Ecumenical Temple
  5553 | Temple   | Became a worshipper of Vehumet
  5711 | D:5      | Noticed a moth of wrath
  5714 | D:5      | Found a bloodstained altar of Trog.
  6007 | D:6      | Found a hazy altar of Hepliaklqana.
  6017 | D:6      | Noticed Pikel
  6037 | D:6      | Killed Pikel
  6038 | D:6      | Reached skill level 3 in Armour
  6071 | D:6      | Noticed Edmund
  6080 | D:6      | Killed Edmund
  6225 | D:6      | Reached XP level 9. HP: 52/52 MP: 12/12
  6240 | D:6      | Reached skill level 4 in Armour
  6339 | D:6      | Noticed Prince Ribbit
  6353 | D:6      | Killed Prince Ribbit
  6413 | D:6      | Noticed Maggie
  6432 | D:6      | Killed Maggie
  6433 | D:6      | Reached skill level 5 in Armour
  6462 | D:6      | Reached skill level 1 in Maces & Flails
  6797 | D:6      | You fall into a shaft and drop 2 floors!
  7067 | D:8      | Upgraded the game from 0.27-a0-406-g23f261fbd2 to
                  | 0.30-a0-802-gb92711bcdf
  7068 | D:8      | Reduced skill Alchemy to level 5
  7068 | D:8      | Upgraded the game from 0.30-a0-802-gb92711bcdf to
                  | 0.32-a0-918-g0f22ef8d61
  7087 | D:7      | Noticed Menkaure
  7090 | D:7      | Killed Menkaure
  7091 | D:7      | Reached skill level 6 in Armour
  7108 | D:7      | Reached * piety under Vehumet
  7108 | D:7      | Offered knowledge of Shock by Vehumet.
  7287 | D:7      | Reached skill level 5 in Conjurations
  7411 | D:7      | Reached XP level 10. HP: 52/58 MP: 13/13
  7414 | D:7      | Reached skill level 7 in Armour
  7471 | D:7      | Found a sacrificial altar of Ru.
  7578 | D:7      | Found a blossoming altar of Fedhas.
  8367 | D:7      | Offered knowledge of Magic Dart by Vehumet.
  8369 | D:7      | Reached ** piety under Vehumet
  8374 | D:7      | Learned a level 1 spell: Magic Dart
  8531 | D:8      | Found an opulent altar of Gozag.
  8743 | D:8      | Got the Compendium of the Volcanoes
  8794 | D:8      | Found a shadowy altar of Dithmenos.
  9125 | D:9      | Identified the +0 cloak "Upimmoh" {rC+ Will+}
  9184 | D:9      | Reached skill level 5 in Fighting
  9731 | D:9      | Offered knowledge of Searing Ray by Vehumet.
  9787 | D:10     | Entered Level 10 of the Dungeon
  9808 | D:10     | Reached skill level 1 in Fire Magic
  9822 | D:10     | Noticed a two-headed ogre
  9824 | D:10     | Noticed Lodul
  9842 | D:10     | Reached skill level 5 in Maces & Flails
  9842 | D:10     | Reached skill level 8 in Armour
 10064 | D:11     | Killed an unseen horror
 10080 | D:11     | Reached *** piety under Vehumet
 10128 | D:11     | Noticed a two-headed ogre
 10143 | D:11     | Killed a two-headed ogre
 10144 | D:11     | Reached XP level 11. HP: 27/64 MP: 14/16
 10494 | D:11     | Learned a level 4 spell: Olgreb's Toxic Radiance
 10601 | D:11     | Noticed a two-headed ogre
 10610 | D:11     | Killed a two-headed ogre
 10635 | D:11     | Mangled by a shadow

Illustrated notes

Levels and vault maps discovered:
D:1:      nzn_arrival_crosshair, layout_loops_ring
D:2:      layout_basic, nicolae_overflow_crystal_walls,
          chequers_serial_rivers_room_a, minivault_19, makhleb_altar_promises_db
D:3:      layout_loops_corners, serial_bayou_pond_e, grunt_ministairs_1
D:4:      minmay_octagon_keep, layout_rooms, gup_sewer_entry_spiral,
          uniq_grinder, uniq_duvessa
D:5:      layout_rooms, minmay_temple_entry_butterflies,
          chequers_serial_rivers_micro_a, tgw_trog
D:6:      layout_basic, nzn_hepliaklqana_mist_gate, minivault_27,
          uniq_prince_ribbit1, uniq_maggie, uniq_pikel, uniq_edmund
D:7:      layout_basic, fedhas_altar_fruit_tree,
          nicolae_ru_great_annihilating_truth, uniq_menkaure
D:8:      layout_gridville, grunt_dithmenos_shadows,
          nicolae_gozag_cash_rules_everything_around_me
D:9:      layout_irregular_city
D:10:     dreamdust_cave_troll, layout_stronghold, hiddenorc1_lemuel, uniq_lodul
D:11:     layout_roguey, hellmonk_lair_entry_icy, enter_trove_6
D:12:     layout_grid_maze
Temple:   dpeg_five_rooms_temple

Skill      XL: |  1  2  3  4  5  6  7  8  9 10 11 |
---------------+----------------------------------+-----
Fighting       | 1 2 3 4 6 |  6.1
Dodging        | 2 3 |  3.3
Short Blades   | 1 2 3 4 |  4.6
Air Magic      | 1 2 |  2.5
Alchemy        | 4 5 6 5 6 |  6.4
Conjurations   | 3 5 6 |  6.0
Armour         | 3 6 8 |  8.8
Maces & Flails | 2 5 6 |  6.0
Fire Magic     | 2 3 |  3.5
Spellcasting   | 3 4 |  4.2
Stealth        | |  2.1
Shapeshifting  | |  0.6

Action                     |  1- 3 |  4- 6 |  7- 9 | 10-12 || total
---------------------------+-------+-------+-------+-------++-------
  Melee: Unarmed           |     5 |       |       |       ||     5
         Mace              |    44 |       |       |       ||    44
         Dagger            |    15 |   171 |   196 |       ||   382
         Lajatang          |       |       |     6 |       ||     6
         Morningstar       |       |       |   142 |   298 ||   440
   Cast: Sting             |    45 |    12 |     9 |     4 ||    70
         Mercury Vapours   |       |       |    18 |     2 ||    20
         Mephitic Cloud    |       |       |     1 |    11 ||    12
         Olgreb's Toxic Ra |       |       |       |     3 ||     3
  Evoke: Wand              |       |       |     1 |       ||     1
    Use: Scroll            |       |    11 |     2 |     2 ||    15
         Potion            |       |     1 |       |     6 ||     7
   Stab: Confused          |       |       |     2 |     3 ||     5
         Paralysed         |       |       |       |     1 ||     1
 Armour: Robe              |    20 |       |       |       ||    20
         Pearl dragon scal |    21 |   114 |   377 |   482 ||   994
         Leather armour    |    11 |       |       |       ||    11
  Dodge: Dodged            |    70 |    71 |   201 |   234 ||   576

Table legend: (Time is in decaauts)
 A = Elapsed time spent in this place.
 B = Non-inter-level travel time spent in this place.
 C = Inter-level travel time spent in this place.
 D = Time resting spent in this place.
 E = Time spent auto-exploring this place.
 F = Levels seen in this place.
 G = Mean time per level.
                   A        B        C        D        E       F      G
               +--------+--------+--------+--------+--------+-----+--------+
         Total |  10945 |  10453 |    492 |   1475 |   6261 |  14 |  781.8 |
       Dungeon |   9881 |   9438 |    443 |   1475 |   5397 |  12 |  823.4 |
        Temple |    263 |    214 |     49 |      0 |    212 |   1 |  263.0 |
         Sewer |    800 |    800 |      0 |      0 |    651 |   1 |  800.0 |
               +--------+--------+--------+--------+--------+-----+--------+

Top non-repeatable levels by time:
     D:4: 1382 daAuts
     D:6: 1148 daAuts
     D:8: 1099 daAuts
     D:7: 1069 daAuts
     D:2: 1068 daAuts
     D:1: 1032 daAuts
     D:3: 936 daAuts
   Sewer: 800 daAuts
     D:5: 682 daAuts
    D:11: 625 daAuts
     D:9: 602 daAuts
  Temple: 263 daAuts
    D:12: 170 daAuts
    D:10: 63 daAuts
